 Dungeon Crawl Stone Soup version 0.19.4 (webtiles) character file.

99 Jerry the Covered (level 4, -8/41 HPs)
             Began as a Minotaur Fighter on Feb 3, 2017.
             Killed by nerve-wracking pain
             ... invoked by Grinder
              (10 damage)
             ... on level 3 of the Dungeon.
             The game lasted 00:04:13 (1259 turns).

Jerry the Covered (Minotaur Fighter)                Turns: 1259, Time: 00:04:14

Health: -8/41      AC:  9    Str: 26      XL:     4   Next: 45%
Magic:  3/3        EV: 10    Int:  6      God:
Gold:   106        SH:  9    Dex:  8 (9)  Spells: 0 memorised, 3 levels left

rFire  . . .     SeeInvis .     a - +0 long sword
rCold  . . .     Gourm    .     b - +0 scale mail
rNeg   . . .     Faith    .     p - +0 buckler
rPois  .         Spirit   .     (helmet restricted)
rElec  +         Reflect  +     (no cloak)
rCorr  .         Harm     .     t - +0 pair of gloves
MR     .....                    m - +0 pair of boots
Stlth  ..........               u - amulet of Deiv {Reflect rElec SH+5}
                                (no ring)
                                (no ring)

@: mighty
A: retaliatory headbutt, horns 2
a: no special abilities


You were on level 3 of the Dungeon.
You were not hungry.

You visited 1 branch of the dungeon, and saw 4 of its levels.

You collected 106 gold pieces.

Inventory:

Hand Weapons
 a - a +0 long sword (weapon)
Armour
 b - a +0 scale mail (worn)
 m - a +0 pair of boots (worn)
 p - a +0 buckler (worn)
 t - a +0 pair of gloves (worn)
Jewellery
 u - the amulet of Deiv (around neck) {Reflect rElec SH+5}
   (You took it off a gnoll on level 4 of the Dungeon)

   [amulet of reflection]

   It shields you and reflects attacks.
   It insulates you from electricity.
   It affects your SH (+5).
Scrolls
 e - a scroll of recharging {unknown}
 g - 4 scrolls of identify {unknown}
 l - a scroll of fear {unknown}
 n - 2 scrolls of random uselessness {unknown}
 q - a scroll of amnesia {unknown}
 r - 2 scrolls of remove curse {unknown}
Potions
 d - a potion of might
 j - a potion of brilliance {unknown}
 k - a potion of degeneration {unknown}
 s - a potion of magic {unknown}
Comestibles
 f - 2 bread rations
 h - 2 fruits
 i - 9 chunks of flesh
 o - a slice of pizza


   Skills:
 + Level 4.3 Fighting
 * Level 4.1 Long Blades
 + Level 4.4 Armour
 + Level 3.9 Shields


You had 3 spell levels left.
You didn't know any spells.

Dungeon Overview and Level Annotations

Branches:
Dungeon (4/15)
 Temple: D:4-7

Altars:

Annotations:
D:3 Grinder
D:4 Eustachio


Innate Abilities, Weirdness & Mutations

You reflexively headbutt those who attack you in melee.
You have a pair of horns on your head.


Message History

You hear the brisk rusting of a very distant drain.
Level annotation: Grinder
There is a stone staircase leading down here.
You feel very mighty all of a sudden.
Grinder drinks a potion.
Grinder seems to speed up.
Grinder hits you.
You writhe in agony.
* * * LOW HITPOINT WARNING * * *
Grinder gestures at you. You resist with significant effort.
You slice Grinder!!
Grinder is heavily wounded.
Grinder gestures at you. Pain shoots through your body!
* * * LOW HITPOINT WARNING * * *
Grinder closely misses you.
You closely miss Grinder. Your headbutt misses Grinder.
Grinder is moderately wounded.
Grinder gestures at you. Pain shoots through your body!
You die...

#....##....#......
#.............#.#.
#....##.#..####
####.#.###....######
#......# #....((...#
###......###..#.####.#
..................# #
###......#.....5..##.##.
#............@........
######..........#..##
#..#.#....>#...
#..#.#.#.### ##
#..#.#.#.# #..#.#.#.#
#..#.#.#.. #..#.#.#.#.
#<..........


You could see Grinder.

Vanquished Creatures
  3 gnolls (D:4)
  2 adders (D:2)
  An ooze (D:1)
  A worm (D:2)
  3 dart slugs
  An orc (D:4)
  3 bats
  A giant cockroach (D:1)
  5 goblins
  5 hobgoblins
  4 jackals (D:1)
  4 kobolds
  A ball python (D:1)
  4 frilled lizards
38 creatures vanquished.

Notes
Turn   | Place    | Note
-------+----------+-------------------------------------------
     0 | D:1      | Jerry the Minotaur Fighter began the quest for the Orb.
     0 | D:1      | Reached XP level 1. HP: 19/19 MP: 0/0
   107 | D:1      | Reached XP level 2. HP: 26/27 MP: 1/1
   433 | D:1      | Reached XP level 3. HP: 33/33 MP: 2/2
   961 | D:3      | Noticed Grinder
   962 | D:3      | Paralysed by Grinder for 4 turns
   974 | D:3      | Paralysed by Grinder for 2 turns
  1160 | D:4      | Reached XP level 4. HP: 41/41 MP: 3/3
  1181 | D:4      | Got a wavering golden amulet
  1182 | D:4      | Identified the amulet of Deiv {Reflect rElec SH+5} (You took it off a gnoll on level 4 of the Dungeon)
  1203 | D:4      | Noticed Eustachio
  1258 | D:3      | HP: 2/41 [Grinder/nerve-wracking pain (10)]
  1259 | D:3      | Killed from afar by Grinder

Skill      XL: |  1  2  3  4 |
---------------+-------------+-----
Long Blades    | 3 4 |  4.1
Fighting       | 4 |  4.3
Armour         | 4 |  4.4
Shields        | |  3.9

Action                   |  1- 3 |  4- 6 || total
-------------------------+-------+-------++-------
Melee: Long sword        |    66 |    19 ||    85
       Headbutt          |    12 |     5 ||    17
  Use: Potion            |       |     1 ||     1
  Eat: Chunk             |     1 |       ||     1
Armor: Scale mail        |    38 |    13 ||    51
Dodge: Dodged            |    42 |    13 ||    55
Block: Buckler           |     2 |     8 ||    10
       Rpst.: Long sword |    13 |     2 ||    15
